Cogmind - Beta 13 @@@ ROGUE MODE // 2024.04.23 @ 12:54:37 Player: graour Result: Destroyed by X7-NWN(R) with Subdweller Machine Gun Performance ------------- Evolutions (0) 0 Regions Visited (3) 600 Robots Destroyed (10) 50 Value Destroyed (204) 204 Prototype IDs (0) 0 Alien Tech Used (0) 0 Bonus (-5) -5 TOTAL SCORE: 849 Bonus ------- Follower Combat Kills 7 Friendly Fire -12 Cogmind --------- Core Integrity 0/250 Matter 290/300 Energy 154/160 System Corruption 0% Temperature Cool (0) Movement Rolling (95) Ox1 Location -10/Subcaves Parts ------- > --- POWER (1) -------- Light Nuclear Core > --- PROPULSION (2) --- Wheel > --- UTILITY (2) ------ Small Storage Unit Signal Interpreter > --- WEAPON (2) ------- Light Assault Rifle > --- INVENTORY (8) ---- Light Ion Engine Wheel Improved Terrain Scanner Terrain Scan Processor Light Armor Plating Battle Cannon Mining Laser Peak State ------------ > --- POWER ------------ Light Nuclear Core > --- PROPULSION ------- Wheel Wheel > --- UTILITY ---------- Small Storage Unit Signal Interpreter > --- WEAPON ----------- Light Assault Rifle Light Assault Rifle > --- INVENTORY -------- Light Ion Engine Wheel Wheel Heat Sink Improved Terrain Scanner Terrain Scan Processor Light Armor Plating Mining Laser [Rating: 10] Favorites ----------- Power Ion Engine Engine Ion Engine Power Core Light Nuclear Core Propulsion Wheel Wheel Wheel Utility Small Storage Unit Storage Small Storage Unit Processor Signal Interpreter Weapon Assault Rifle Energy Gun Small Laser Ballistic Gun Assault Rifle Special Weapon Mining Laser Build | -11 -10 -10 -10 ------- Run | Yrd Mat Min Sub Slots Evolved . | . . . . Power . | . . . . Propulsion . | . . . . Utility . | . . . . Weapon . | . . . . Parts Attached 21 | 6 2 11 2 Power 3 | 1 . 1 1 Engine 2 | 1 . 1 . Core 1 | . . . 1 Reactor . | . . . . Propulsion 7 | 2 . 4 1 Treads . | . . . . Leg . | . . . . Wheel 7 | 2 . 4 1 Hover . | . . . . Flight . | . . . . Utility 2 | 1 1 . . Device . | . . . . Storage 1 | 1 . . . Processor 1 | . 1 . . Hackware . | . . . . Protection . | . . . . Artifact . | . . . . Weapon 9 | 2 1 6 . Energy Gun 4 | 1 1 2 . Energy Cannon . | . . . . Ballistic Gun 3 | 1 . 2 . Ballistic Cannon . | . . . . Launcher . | . . . . Special Weapon 2 | . . 2 . Impact Weapon . | . . . . Slashing Weapon . | . . . . Piercing Weapon . | . . . . Special Melee Weapon . | . . . . Unidentified Prototypes . | . . . . Parts Lost 7 | . . 4 3 Power . | . . . . Propulsion 3 | . . 1 2 Utility . | . . . . Weapon 4 | . . 3 1 Highest Loss Streak 3 | . . 2 3 To Critical Strikes . | . . . . Average Slot Usage (%) 96 | . 88 98 95 Engine 13 | . 14 14 2 Wheel 27 | . 28 27 26 Storage 14 | . 14 14 14 Processor 12 | . 3 14 14 Energy Gun 8 | . 14 8 . Ballistic Gun 15 | . 14 14 26 Special Weapon 2 | . . 3 . Naked Turns . | . . . . Heaviest Build 14 | 14 13 14 12 Greatest Support 26 | 26 26 26 20 Greatest Overweight (x) . | . . . . Average Overweight (x) . | . . . . Largest Inventory Capacity 8 | 8 8 8 8 Average Capacity 7 | 6 8 8 8 Most Carried 8 | 4 5 8 8 Average Carried 6 | 1 4 7 7 Final Capacity 8 | 8 8 8 8 Final Carried 8 | 4 5 8 7 Class Distribution -------------------- 74% | Mutant 25% | Scavenger-Mutant Dominant Class ---------------- Mutant | -10/Materials Mutant | -10/Mines Scavenger-Mutant | -10/Subcaves Resources | -11 -10 -10 -10 ----------- Run | Yrd Mat Min Sub Matter Collected 455 | 193 120 132 10 Remotely . | . . . . Salvage Created 249 | . 150 99 . Parts 18 | . 7 11 . Haulers Intercepted . | . . . . Recyclers Shooed 1 | . . 1 . Parts Field Recycled . | . . . . Retrieved Matter . | . . . . Parts Self-Destructed . | . . . . Prevented . | . . . . Kills | -11 -10 -10 -10 ------- Run | Yrd Mat Min Sub Combat Hostiles Destroyed 9 | . 2 7 . Guns 8 | . 2 6 . Cannons 1 | . . 1 . Classes Destroyed 7 | . 3 4 . Worker 1 | . . 1 . Recycler 1 | . 1 . . Watcher 1 | . 1 . . Swarmer 4 | . . 4 . Grunt 2 | . 2 . . Demolisher 1 | . . 1 . Assembled 2 | . . 2 . Best Kill Streak 4 | . 4 2 . Combat Bots Only 2 | . 2 2 . Max Kills in Single Turn 1 | . 1 1 . Gunslinging . | . . . . Exploded . | . . . . Melee . | . . . . Uniques/NPCs Destroyed . | . . . . Combat | -11 -10 -10 -10 -------- Run | Yrd Mat Min Sub Hostile Shots Fired 55 | . 5 30 20 Missed 7 | . 1 3 3 Damage Taken 957 | . 45 572 340 Core 254 | . 12 158 84 Absorbed by Shields . | . . . . Core Remaining (%) 100 | 100 . . . Volleys Fired 56 | . 11 41 4 Largest 2 | . 2 2 2 Hottest 100 | . 60 100 40 Shots Fired 84 | . 22 54 8 Gun 65 | . 22 35 8 Cannon . | . . . . Launcher . | . . . . Special 19 | . . 19 . Kinetic 32 | . 11 13 8 Thermal 40 | . 11 29 . Explosive . | . . . . Electromagnetic 12 | . . 12 . Robot Hit Streak 14 | . 7 10 14 Robot Miss Streak 3 | . 2 3 . Penetration Max . | . . . . Secondary Targets . | . . . . Shots Hit Robots 45 | . 13 24 8 Core Hits 23 | . 8 13 2 Critical Kills . | . . . . Critical Parts Destroyed . | . . . . Critical Strikes . | . . . . Melee Attacks . | . . . . Impact . | . . . . Slashing . | . . . . Piercing . | . . . . Sneak Attacks . | . . . . Combat Hostiles . | . . . . Follow-up Attacks . | . . . . Damage Inflicted 600 | . 158 414 28 Guns 459 | . 158 273 28 Cannons . | . . . . Explosions 93 | . . 93 . Melee . | . . . . Ramming . | . . . . Kinetic 251 | . 93 130 28 Thermal 270 | . 65 205 . Explosive . | . . . . Electromagnetic 79 | . . 79 . Impact . | . . . . Slashing . | . . . . Piercing . | . . . . Highest Corruption . | . . . . Average Corruption . | . . . . Corruption Purged . | . . . . Corruption Blocked . | . . . . Overload Shots . | . . . . Overflow Damage . | . . . . Projectiles . | . . . . Explosions . | . . . . Melee . | . . . . Knockbacks . | . . . . Impact . | . . . . Kinetic . | . . . . Secondary . | . . . . Self-Inflicted Damage . | . . . . Shots . | . . . . Rammed . | . . . . Targets Rammed . | . . . . Kicked . | . . . . Crushed . | . . . . Highest Temperature 120 | . 24 120 . Average Temperature 44 | . 15 49 . Received Heat Transfer 96 | . 24 . 72 Siege Activations . | . . . . Robots Corrupted . | . . . . Combat Hostiles . | . . . . Parts Fried . | . . . . Impact Corruptions . | . . . . Robots Melted . | . . . . Combat Hostiles . | . . . . Parts Melted . | . . . . Heat Transferred 450 | . 150 300 . Parts Sabotaged . | . . . . Parts Stolen . | . . . . Parts Stripped . | . . . . Power Chain Reactions 1 | . . 1 . Alert | -11 -10 -10 -10 ------- Run | Yrd Mat Min Sub Peak Influence 184 | . 128 184 . Initial 49 | . . 49 . Average 47 | . 65 46 . Maximum Alert Level . | . . . . Low Security (%) 100 | 100 100 100 . Level 1 . | . . . . Level 2 . | . . . . Level 3 . | . . . . Level 4 . | . . . . Level 5 . | . . . . High Security . | . . . . Max Security . | . . . . Squads Dispatched 1 | . 1 . . Investigation . | . . . . Extermination . | . . . . Reinforcement 1 | . 1 . . Assault . | . . . . Garrison . | . . . . Intercept . | . . . . Searches Triggered . | . . . . Construction Impeded . | . . . . Haulers Reinforced . | . . . . Active Scanning Responses . | . . . . Cargo Convoy Interrupts . | . . . . Stealth | -11 -10 -10 -10 --------- Run | Yrd Mat Min Sub Distress Signals 3 | . 3 . . Communications Jammed . | . . . . Distress Signals . | . . . . Times Spotted 27 | . 6 11 10 Peak Tracking Total 10 | . 4 3 10 Tactical Retreats 1 | . 1 . . Traps | -11 -10 -10 -10 ------- Run | Yrd Mat Min Sub Traps Triggered . | . . . . Indirectly . | . . . . Trap Hack Attempts . | . . . . Triggered . | . . . . Disarmed . | . . . . Reprogrammed . | . . . . Reused . | . . . . Traps Extracted . | . . . . Installed . | . . . . Triggered . | . . . . Machines | -11 -10 -10 -10 ---------- Run | Yrd Mat Min Sub Machines Disabled 2 | . 1 1 . Max in Single Turn 1 | . 1 . . Machines Repaired . | . . . . Machines Dismantled . | . . . . Machines Sabotaged . | . . . . Overloaded Fab Kills . | . . . . Hacking | -11 -10 -10 -10 --------- Run | Yrd Mat Min Sub Machines Accessed . | . . . . Terminals . | . . . . Fabricators . | . . . . Repair Stations . | . . . . Recycling Units . | . . . . Scanalyzers . | . . . . Garrison Access . | . . . . Total Hacks . | . . . . Successful . | . . . . Failed . | . . . . Catastrophic . | . . . . Database Lockouts . | . . . . Manual . | . . . . Terminals . | . . . . Fabricators . | . . . . Repair Stations . | . . . . Recycling Units . | . . . . Scanalyzers . | . . . . Garrison Access . | . . . . Terminal Hacks . | . . . . Fabricator Hacks . | . . . . Repair Station Hacks . | . . . . Recycling Unit Hacks . | . . . . Scanalyzer . | . . . . Garrison Access Hacks . | . . . . Unauthorized Hacks . | . . . . Terminals . | . . . . Fabricators . | . . . . Repair Stations . | . . . . Recycling Units . | . . . . Scanalyzers . | . . . . Garrison Access . | . . . . Data Cores Recovered . | . . . . Used . | . . . . Hacking Detections . | . . . . Full Trace Events . | . . . . Feedback Events . | . . . . Feedback Blocked . | . . . . Robot Schematics Acquired . | . . . . Robots Built . | . . . . Authchips . | . . . . Time . | . . . . Total Robot Build Rating . | . . . . Part Schematics Acquired . | . . . . Parts Built . | . . . . Authchips . | . . . . Time . | . . . . Total Part Build Rating . | . . . . Parts Repaired . | . . . . Time . | . . . . Parts Recycled . | . . . . Recycled Matter . | . . . . Retrieved Matter . | . . . . Retrieved Components . | . . . . Parts Scanalyzed . | . . . . Part Schematics Acquired . | . . . . Parts Damaged . | . . . . Bothacking | -11 -10 -10 -10 ------------ Run | Yrd Mat Min Sub Used RIF Installer . | . . . . Robots Hacked . | . . . . Non-combat . | . . . . Combat . | . . . . Robot Hacks Applied . | . . . . Relay Couplers Released . | . . . . Fabnet Peak Effective % . | . . . . Robots Rewired . | . . . . Allies Hacked . | . . . . Hacks Repelled . | . . . . Allies | -11 -10 -10 -10 -------- Run | Yrd Mat Min Sub Total Allies 2 | . . 2 . Largest Group 2 | . . 2 . Highest-Rated Group 51 | . . 51 . Highest-Rated Ally 31 | . . 31 . Total Orders . | . . . . Ally Attacks 11 | . . 11 . Total Damage 186 | . . 186 . Kills 5 | . . 5 . Allies Corrupted . | . . . . Allies Melted . | . . . . Intel | -11 -10 -10 -10 ------- Run | Yrd Mat Min Sub Robot Analysis Total . | . . . . Derelict Logs Recovered 3 | . . 2 1 Drone Launches . | . . . . Drone Recoveries . | . . . . Exploration | -11 -10 -10 -10 ------------- Run | Yrd Mat Min Sub Turns Passed 1351 | 48 188 1052 63 Spaces Moved 931 | 40 98 738 55 Core 1 | 1 . . . Treads . | . . . . Legs . | . . . . Wheels 930 | 39 98 738 55 Hover . | . . . . Flight . | . . . . Fastest Speed 50 | 50 90 80 80 Average Speed 85 | 88 90 85 80 Slowest Speed 100 | 90 90 100 80 Overloaded Moves . | . . . . Propulsion Burnouts . | . . . . Robots Hopped . | . . . . Cave-ins Triggered . | . . . . Exploration Rate (%) 23 | 3 19 70 2 Regions Visited 3 Branch Regions 2 Pre-discovered Areas 2 | . . 2 . Known Exits Taken 2 | . 1 1 . Unknown Exits Taken 1 | 1 . . . Scrap Searched 3 | . . 1 2 Spaces Dug 13 | . . 13 . Terrain Destroyed 20 | . . 20 . Melee . | . . . . Projectile 17 | . . 17 . AOE 3 | . . 3 . Terrain Rammed . | . . . . Walls Destroyed . | . . . . Machines Disabled . | . . . . Actions | -11 -10 -10 -10 --------- Run | Yrd Mat Min Sub Total 1364 | 49 174 1073 68 Wait 323 | . 63 259 1 Move 928 | 39 97 737 55 Hop . | . . . . Pick Up 21 | 4 1 13 3 Fast Attach 9 | 6 1 2 . Attach 3 | . . 2 1 Detach . | . . . . Swap 9 | . 1 7 1 Drop 15 | . . 12 3 Fire 56 | . 11 41 4 Melee . | . . . . Ram . | . . . . Kick . | . . . . Crush . | . . . . Escape Stasis . | . . . . Rewire . | . . . . Trap . | . . . . Miscellaneous . | . . . . Route ------- -11/Scrapyard -10/Materials -10/Mines -10/Subcaves History --------- Turn | Location | Event 28 | -11/Scrapyard | Discovered new exit (range 15) 49 | -11/Scrapyard | Entered Materials 80 | -10/Materials | Discovered new exit (range 16) 231 | -10/Materials | Identified exit to Mines 237 | -10/Materials | Entered Mines 242 | -10/Mines | Met a Derelict bent on vengeance 301 | -10/Mines | Build established: Mutant 411 | -10/Mines | Learned location of Zion (-7) 470 | -10/Mines | Assembled infested the area 884 | -10/Mines | Core integrity fell below 50% 999 | -10/Mines | Discovered new exit (range 10) 1289 | -10/Mines | Identified exit to Subcaves 1289 | -10/Mines | Entered Subcaves 1290 | -10/Subcaves | Learned Materials terminal intel 1329 | -10/Subcaves | Build established: Scavenger-Mutant 1340 | -10/Subcaves | Ambushed by swarm of Subdwellers 1341 | -10/Subcaves | Ambushed by Subdwellers from Twisted Machinery 1341 | -10/Subcaves | Ambushed by Subdwellers from Twisted Machinery 1346 | -10/Subcaves | Core integrity fell below 20% 1349 | -10/Subcaves | Ambushed by Subdwellers from Twisted Machinery 1352 | -10/Subcaves | Destroyed by X7-NWN(R) with Subdweller Machine Gun Last Messages --------------- yourself with this!" A mess of Twisted Machinery falls from the cavern ceiling. KN-VOI(R) comes tumbling into view. 01341_ D0-VTB(R) angrily emerges from the Twisted Machinery. 01341_ H3-MWA(R) angrily emerges from the Twisted Machinery. 01343_ OS-QJ9(R) emerges from the Twisted Machinery. 01346_ AN-JDF(R) emerges from the Twisted Machinery. 01347_ Wheel destroyed. 01349_ MZ-P2I(R) angrily emerges from the Twisted Machinery. 01349_ Lgt. Assault Rifle destroyed. 01350_ Wheel destroyed. 01351_ YG-ZXU(R) emerges from the Twisted Machinery. 01352_ YG-ZXU(R) suffers critical hit (Destroy). Map ----- +----------------------------------------------------+ | ?????????????????????????????????????????????????? | | ?????????????????????????????????????????????????? | | ?????????????????????????????????????????????????? | | ?????????????????????????????????????????????????? | | ?????????????????????????????????????????????????? | | ?????????????????????????????????????????????????? | | ?????????????????????????????????????????????????? | | ?????????????????????????????????????????????????? | | ?????????????????????????????????????????????????? | | ?????????????????????????????????????????????????? | | ?????????????????????????????????????????????????? | | ?????????????????????????????????????????????????? | | ?????????????????????????????????????????????????? | | ?????????????????????????????????????????????????? | | ?????????????????????????????????????????????????? | | ?????????????????????????????????????????????????? | | ?????????????????????????????????????????????????? | | ???????????????????????##????????????????????????? | | ???????????????????????# ????????????????????????? | | ???????????????????????# ????????????????????????? | | ??????????????????????? ????????????????????????? | | ???????????????????????# ????????????????????????? | | ???????????????????????# ????????????????????????? | | ???????????????????????#R##??????????????????????? | | ???????????????????????#RR#??????????????????????? | | ???????????????????????#R@#??????????????????????? | | ???????????????????????##R#??????????????????????? | | ???????????????????????#RR#??????????????????????? | | ????##?????????????????# ##??????????????????????? | | ?### ##????????????????#h##??????????????????????? | | ?# ?????????????????## ##?????????????????????? | | ?# ???????????????????## ##????????????????????? | | ?# ##?????????????##???# # ##???????????????????? | | ### ##?#######?### #???#### #???????????????????? | | # ### # ### ######### #???????????????????? | | ]% !#|#% ## ##???????????????????? | | ! ###%############## ##????????????????????? | | ######?#&#????????????# ##?????????????????????? | | # #??????# #????????????# #??????????????????????? | | ###??????###????????????###??????????????????????? | | ?????????????????????????????????????????????????? | | ?????????????????????????????????????????????????? | | ?????????????????????????????????????????????????? | | ?????????????????????????????????????????????????? | | ?????????????????????????????????????????????????? | | ?????????????????????????????????????????????????? | | ?????????????????????????????????????????????????? | | ?????????????????????????????????????????????????? | | ?????????????????????????????????????????????????? | | ?????????????????????????????????????????????????? | +----------------------------------------------------+ Best States ------------- Heat Dissipation 25 Energy Generation 14 Energy Capacity 250 Matter Stores 300 Matter Capacity 300 Sight Range 16 Terrain Scan Density 10 Evasion (%) 44 Item Schematics ----------------- None Robot Schematics ------------------ None Fabricated ------------ Nothing Alien Tech Used ----------------- None Achievements -------------- None Challenges ------------ None Game ------ Seed CompositeParticleArray Manual? 0 Play Time 00:13:47 Cumulative 40.7 hours Start 2024.04.23 @ 12:41:32 End 2024.04.23 @ 12:54:37 Sessions 1 Manual Loads 0 Difficulty Rogue Special Mode None Game No. 62 Rogue 62 Adventurer 0 Explorer 0 Win Type - Total 0 Types 0/0/0/0/0/0/0/0/0 Lore% 37 Gallery% 44 Achievement% 30 Wizard Run 0 Options --------- Layout 1 ASCII 0 Keyboard 1 Movement Arrows Keybinds 0 Fullscreen 2 Font 24/Smallcaps Map View 50x35 Zoom Use 0% Tactical HUD 1 Map Filters NONE Filters NONE Steam 1 RUN: f091225b-b5f5-4ab3-b1b0-e9dfb7de60c6